 Dungeon Crawl Stone Soup version 0.18.1-1-g2f07953 (webtiles) character file.

28 EveningNews the Skirmisher (level 3, 0/24 HPs)
             Began as a Gargoyle Berserker on May 6, 2016.
             Was a Follower of Trog.
             Slain by a quokka (2 damage)
             ... on level 2 of the Dungeon.
             The game lasted 00:03:14 (1347 turns).

EveningNews the Skirmisher (Gargoyle Berserker)     Turns: 1347, Time: 00:03:15

Health: 0/24       AC:  5    Str: 20    XL:     3   Next: 12%
Magic:  3/3        EV: 12    Int:  7    God:    Trog [*.....]
Gold:   35         SH:  0    Dex: 10    Spells: 0 memorised, 2 levels left

rFire  . . .     SeeInvis .     b - -1 hunting sling (curse)
rCold  . . .     Gourm    .     k - +0 animal skin
rNeg   + . .     Faith    .     (no shield)
rPois  ∞         Spirit   .     (no helmet)
rElec  +         Dismiss  .     (no cloak)
rCorr  .         Reflect  .     (no gloves)
SustAt .         Harm     .     (no boots)
MR     .....                    (no amulet)
Stlth  +.........               (no ring)
                                (no ring)

@: not resistant to hostile enchantments, very unstealthy
A: negative energy resistance 1, electricity resistance, unbreathing,
petrification resistance, rot immunity, AC +3
a: Berserk, Burn Spellbooks, Renounce Religion


You were on level 2 of the Dungeon.
You worshipped Trog.
Trog was aware of your devotion.
You were hungry.

You visited 1 branch of the dungeon, and saw 2 of its levels.

You collected 35 gold pieces.

Inventory:

Hand Weapons
 a - a +1 mace
 b - a cursed -1 hunting sling (weapon)
 d - a +0 mace
Missiles
 f - 18 bolts
 l - 12 sling bullets (quivered)
Armour
 k - a +0 animal skin (worn)
Potions
 e - a potion of magic {unknown}
Comestibles
 c - 2 bread rations
 g - 2 chunks of flesh
 h - a slice of pizza
 j - 4 fruits


   Skills:
 + Level 4.0 Fighting
 + Level 3.6 Maces & Flails
 - Level 2.1 Armour
 - Level 1.5 Dodging


You had 2 spell levels left.
You didn't know any spells.

Dungeon Overview and Level Annotations

Branches:
Dungeon (2/15)

Altars:


Innate Abilities, Weirdness & Mutations

You are resistant to torment.
Your stone body is resilient (AC +3).
You are immune to poison.
You resist negative energy.
You are resistant to electric shocks.
You can survive without breathing.
You are immune to petrification.
You are immune to rotting.


Message History

You closely miss the quokka. The quokka closely misses you. x2
You clumsily bash the quokka but do no damage.
The quokka bites you. The quokka barely misses you.
You miss the quokka.
You are feeling hungry.
The quokka barely misses you. The quokka bites you.
You barely miss the quokka.
The quokka bites you but does no damage.
You clumsily bash the quokka but do no damage.
The quokka closely misses you. x2
You barely miss the quokka. The quokka barely misses you. x2
You closely miss the quokka. The quokka bites you.
* * * LOW HITPOINT WARNING * * *
The quokka bites you but does no damage.
You closely miss the quokka. The quokka bites you.
* * * LOW HITPOINT WARNING * * *
The quokka bites you.
* * * LOW HITPOINT WARNING * * *
You closely miss the quokka. The quokka bites you.
You die...

.(. ... ..$ #.# #.# #.#
#.# #.# #.# #.# #r# #.#
#@# #.#
###############.# #.#
#...............# #<#
#.############### #.#
#.# #.# ##.######## #.#
..........############.#
...######..........[...#
#### ################


You could see a quokka.

Vanquished Creatures
  2 dart slugs (D:1)
  2 giant cockroaches (D:1)
  5 hobgoblins (D:1)
  2 kobolds (D:1)
  3 bats (D:1)
  A giant newt (D:1)
  5 goblins (D:1)
  A rat (D:1)
21 creatures vanquished.

Notes
Turn   | Place    | Note
--------------------------------------------------------------
     0 | D:1      | EveningNews the Gargoyle Berserker began the quest for the Orb.
     0 | D:1      | Reached XP level 1. HP: 14/14 MP: 1/1
   188 | D:1      | Reached XP level 2. HP: 10/19 MP: 2/2
   676 | D:1      | Reached skill level 4 in Fighting
  1038 | D:1      | Reached XP level 3. HP: 18/24 MP: 3/3
  1347 | D:2      | Slain by a quokka

Skill      XL: |  1  2 |
---------------+-------+-----
Fighting       | 4 |  4.0
Maces & Flails | |  3.6
Armour         | |  2.1
Dodging        | |  1.5

Action                   || total
-------------------------++-------
Melee: Mace              ||    79
       Hunting sling     ||    15
 Fire: Hunting sling     ||     8
  Use: Scroll            ||     2
  Eat: Chunk             ||     1
Armor: Animal skin       ||    38
Dodge: Dodged            ||    84
